 Dungeon Crawl Stone Soup version 0.28.0-62-gf88900778d (webtiles) character file.

Game seed: 13817754657667500585

207 cbfl8 the Chopper (level 5, -1/44 (46) HPs)
             Began as a Minotaur Fighter on July 8, 2023.
             Slain by a hell rat (14 damage)
             ... in a sewer.
             The game lasted 00:02:22 (2131 turns).

cbfl8 the Chopper (Minotaur Fighter)                Turns: 2131, Time: 00:02:22

HP:   -1/44 (46)    AC:  7    Str: 20    XL:     5   Next: 54%
MP:   0/4           EV:  9    Int:  5    God:
Gold: 54            SH:  5    Dex: 12    Spells: 4/4 levels left

rFire   + . .      SeeInvis .   a - +0 war axe
rCold   . . .      Faith    .   c - +0 buckler
rNeg    . . .      Spirit   +   b - +0 scale mail
rPois   .          Reflect  .   (helmet restricted)
rElec   .          Harm     .   (no cloak)
rCorr   .          Rampage  .   (no gloves)
Will    .....                   (no boots)
Stlth   ..........              l - amulet of guardian spirit
HPRegen 0.14/turn               n - ring of protection from fire
MPRegen 0.09/turn               (no ring)

@: mighty, lightly drained, very slow
A: horns 2, retaliatory headbutt
a: no special abilities


You were in a sewer.
You visited 1 branch of the dungeon, and saw 3 of its levels.
You also visited: Sewer.

You collected 54 gold pieces.

Inventory:

Hand Weapons
 a - a +0 war axe (weapon)
Armour
 b - a +0 scale mail (worn)
 c - a +0 buckler (worn)
Jewellery
 l - an amulet of guardian spirit (around neck)
 n - a ring of protection from fire (left hand)
Scrolls
 e - 2 scrolls of teleportation {unknown}
 i - a scroll of torment {unknown}
 j - a scroll of holy word {unknown}
 m - a scroll of fog {unknown}
 o - a scroll of enchant armour {unknown}
Potions
 d - a potion of might
 f - a potion of brilliance {unknown}
 g - a potion of lignification {unknown}
 k - 2 potions of curing {unknown}


   Skills:
 + Level 4.1 Fighting
 + Level 4.7 Axes
 * Level 1.5 Throwing
 + Level 4.2 Armour
 + Level 1.2 Dodging
 + Level 0.1 Stealth
 + Level 3.9 Shields
 * Level 1.8 Evocations


You had 4 spell levels left.
You didn't know any spells.
Your spell library was empty.

Dungeon Overview and Level Annotations

Branches:
Dungeon (3/15)              Sewer (1/1)

Altars:
Zin

Shops:
D:2 (


Innate Abilities, Weirdness & Mutations

You have a pair of horns on your head.
You reflexively headbutt those who attack you in melee.


Message History

You barely miss the river rat. You headbutt the river rat.
The river rat is severely wounded.
The river rat bites you.
A river rat is nearby!
You closely miss the river rat. You headbutt the river rat.
You kill the river rat!
You enter the shallow water.
Moving in this stuff is going to be slow.
You open the door.
A hell rat comes into view.
Found four items.
Found a gate leading back out of this place.
Found three items.
There is an open door here.
A hell rat is nearby!
You enter the shallow water.
Moving in this stuff is going to be slow.
You block the hell rat's attack. The hell rat bites you.
You feel drained.
A hell rat is nearby!
You hit the hell rat but do no damage. The hell rat barely misses you.
The hell rat misses you. You furiously retaliate!
You headbutt the hell rat, but do no damage.
A hell rat is nearby!
You hit the hell rat but do no damage. The hell rat bites you!
A hell rat is nearby!
You barely miss the hell rat. You headbutt the hell rat!
The hell rat is heavily wounded.
The hell rat splashes around in the water.
The hell rat bites you.
A hell rat is nearby!
Your unstable footing causes you to fumble your attack.
The hell rat bites you.
A hell rat is nearby!
You are too injured to fight recklessly!
You are too injured to fight recklessly!
You feel very mighty all of a sudden. The hell rat bites you!
* * * LOW HITPOINT WARNING * * *
You feel drained. The hell rat bites you!
You die...

#########
###†?≈∩≈≈≈###
#...≈.∩≈≈≈≈≈###
#.≈≈.≈#####..≈≈≈#
#≈≈.###!∩?###.≈≈##
#≈≈≈##.!????≈##≈≈≈#
#≈≈≈#.≈≈≈≈≈≈≈.#†≈.#
#.. #≈≈≈r≈≈.##≈.≈#
## .≈ #.@≈###.≈.##
≈≈≈.##'##.≈≈≈.#
#≈.≈≈≈..≈≈≈.###
###.≈.≈...###
#########


You could see a hell rat.

Vanquished Creatures
  A centaur skeleton (D:3)
  An orc priest (D:3)
  Natasha (twice) (D:3)
  2 adders (D:2)
  A river rat (Sewer)
  A worm (D:2)
  2 dart slugs
  5 orcs (D:3)
  9 bats
  4 endoplasms (D:1)
  2 giant cockroaches (D:3)
  4 goblins
  6 hobgoblins
  2 quokkas
  7 ball pythons
  2 frilled lizards (D:2)
  4 kobolds
  7 rats
62 creatures vanquished.

Notes
Turn   | Place    | Note
-------+----------+-------------------------------------------
     0 | D:1      | cbfl8 the Minotaur Fighter began the quest for the Orb.
     0 | D:1      | Reached XP level 1. HP: 19/19 MP: 0/0
   137 | D:1      | Reached XP level 2. HP: 27/27 MP: 1/1
   261 | D:1      | Found a faded altar of an unknown god.
   971 | D:2      | Found Gumaludask's Antique Weapon Shoppe.
   981 | D:2      | Reached XP level 3. HP: 33/33 MP: 2/2
  1085 | D:2      | Found a glowing silver altar of Zin.
  1209 | D:2      | Reached skill level 1 in Evocations
  1605 | D:3      | Reached XP level 4. HP: 37/40 MP: 3/3
  1606 | D:3      | Reached skill level 1 in Throwing
  1693 | D:3      | Reached skill level 1 in Dodging
  1700 | D:3      | Noticed Natasha
  1703 | D:3      | Killed Natasha
  1704 | D:3      | Reached XP level 5. HP: 45/46 MP: 4/4
  1876 | D:3      | Noticed Natasha
  1882 | D:3      | Killed Natasha
  1987 | D:3      | Found a glowing drain.
  2006 | Sewer    | Entered a sewer
  2131 | Sewer    | Slain by a hell rat

Illustrated notes

Levels and vault maps discovered:
D:1:      dpeg_arrival_orchard, layout_loops_ring,
          nicolae_ecumenical_lake_church
D:2:      layout_basic, serial_shops, nicolae_diamond_shop, basic_altar,
          grunt_ministairs_7
D:3:      layout_basic, portal_sewer_entry_f, minivault_11,
          grunt_decor_fettered, uniq_natasha
Sewer:    sewer_hellmonk_bad_rat

Skill      XL: |  1  2  3  4 |
---------------+-------------+-----
Axes           | 3 4 |  4.7
Armour         | 4 |  4.2
Evocations     | 1 |  1.8
Throwing       | 1 |  1.5
Dodging        | 1 |  1.2
Fighting       | 4 |  4.1
Stealth        | |  0.1
Shields        | |  3.9

Action                   |  1- 3 |  4- 6 || total
-------------------------+-------+-------++-------
Melee: War axe           |    76 |    45 ||   121
       Headbutt          |     7 |     8 ||    15
  Use: Scroll            |       |     1 ||     1
       Potion            |       |     1 ||     1
Armor: Scale mail        |    31 |    17 ||    48
Dodge: Dodged            |    32 |    25 ||    57
Block: Buckler           |    19 |    12 ||    31
